 Dungeon Crawl Stone Soup version 0.18.1-50-g88ac8fd (webtiles) character file.

2020 Nordron the Skirmisher (level 9, -4/71 HPs)
             Began as a Demonspawn Berserker on Sept 21, 2016.
             Was an Elder of Trog.
             Slain by Nukefarmer's ghost (11 damage)
             ... on level 8 of the Dungeon on Sept 22, 2016.
             The game lasted 01:04:10 (6253 turns).

Nordron the Skirmisher (Demonspawn Berserker)       Turns: 6253, Time: 01:04:10

Health: -4/71      AC: 18    Str: 26    XL:     9   Next: 3%
Magic:  0/9        EV: 14    Int:  9    God:    Trog [****..]
Gold:   390        SH:  4    Dex: 17    Spells: 0 memorised, 8 levels left

rFire  . . .     SeeInvis .     G - +0 war axe
rCold  . . .     Gourm    .     O - +0 plate armour
rNeg   . . .     Faith    .     (no shield)
rPois  .         Spirit   +     (no helmet)
rElec  .         Dismiss  .     w - +0 cloak
rCorr  .         Reflect  +     I - +0 pair of gloves
SustAt .         Harm     .     (no boots)
MR     .....                    L - +4 amulet of reflection
Stlth  ..........               (no ring)
                                H - ring of stealth

@: mighty, agile, drained, not resistant to hostile enchantments, extremely
unstealthy
A: thin metallic scales 2, blurry vision 1, magic shield, no device heal 1
a: Berserk, Trog's Hand, Brothers in Arms, Burn Spellbooks, Renounce Religion


You were on level 8 of the Dungeon.
You worshipped Trog.
Trog was greatly pleased with you.
You were not hungry.

You visited 2 branches of the dungeon, and saw 9 of its levels.

You collected 390 gold pieces.

Inventory:

Hand Weapons
 a - a +0 hand axe
 r - a +1 morningstar of freezing
 t - a +1 spear of piercing
 B - a +0 battleaxe
 G - a +0 war axe (weapon)
 J - a +2 short sword of draining
 N - a +1 dagger of freezing
Armour
 b - a +0 animal skin
 w - a +0 cloak (worn)
 y - a cursed +0 shield
 I - a +0 pair of gloves (worn)
 O - a +0 plate armour (worn)
Jewellery
 n - an uncursed amulet of regeneration
 u - an uncursed amulet of regeneration
 D - a cursed ring of teleportation
 H - a ring of stealth (left hand)
 L - a +4 amulet of reflection (around neck)
Wands
 P - a wand of confusion (15/48)
Scrolls
 c - a scroll of magic mapping {unknown}
 d - a scroll of fear {unknown}
 e - 2 scrolls of remove curse
 k - a scroll of random uselessness {unknown}
 m - 2 scrolls of identify
 o - a scroll of amnesia {unknown}
 p - 2 scrolls of teleportation {unknown}
 F - a scroll of noise {unknown}
 K - a scroll of enchant weapon {unknown}
 M - a scroll of enchant armour {unknown}
Potions
 h - a potion of mutation
 i - a potion of cancellation {unknown}
 q - a potion of ambrosia {unknown}
 s - a potion of heal wounds
 x - a potion of magic {unknown}
 z - a potion of invisibility {unknown}
 A - a potion of flight {unknown}
 C - a potion of agility
 E - a potion of lignification {unknown}
Comestibles
 f - 2 meat rations
 l - 11 fruits
 Q - 3 chunks of flesh


   Skills:
 + Level 6.8 Fighting
 + Level 6.3 Axes
 + Level 6.0(5.9) Armour
 + Level 4.1 Dodging
 - Level 0.2(0.1) Stealth
 + Level 1.4 Shields


You had 8 spell levels left.
You didn't know any spells.

Dungeon Overview and Level Annotations

Branches:
Dungeon (8/15)             Temple (1/1) D:5            Lair (0/8) D:8

Altars:
Ashenzari
Cheibriados
Dithmenos
Fedhas
Gozag
Kikubaaqudgha
Makhleb
Nemelex Xobeh
Okawaru
Pakellas
Qazlal
Ru
Sif Muna
Trog
Vehumet
Xom
Yredelemnul
Zin
Lugonu

Annotations:
D:8 Nukefarmer's ghost, novice MiBe


Innate Abilities, Weirdness & Mutations

You are mostly covered in thin metallic scales (AC +3).
When hurt, damage is shared between your health and your magic reserves.
Scrolls take you a little longer to read.
Potions and wands are less effective at restoring your health.


Message History

Nukefarmer's ghost hits you but does no damage.
Nukefarmer's ghost says, "You can hit me, but you can't hurt me."
Nukefarmer's ghost closely misses you.
You closely miss Nukefarmer's ghost.
Nukefarmer's ghost is almost destroyed.
Nukefarmer's ghost hits you but does no damage.
You hit Nukefarmer's ghost but do no damage.
Nukefarmer's ghost is almost destroyed.
Nukefarmer's ghost hits you.
* * * LOW HITPOINT WARNING * * *
Drink which item? (? for menu, Esc to quit)
You feel very mighty all of a sudden.
Nukefarmer's ghost hits you but does no damage.
You completely miss Nukefarmer's ghost.
Nukefarmer's ghost is almost destroyed.
Nukefarmer's ghost hits you.
* * * LOW HITPOINT WARNING * * *
Drink which item? (? for menu, Esc to quit)
You feel better. Nukefarmer's ghost hits you!
You die...

########### ###########
#..........
#.........########..........
..........†W@...............
#......?..########..........
............................
#.........########..........
#...........................
#..........#######..).......
..........#)......#.........
.######.....#...#....#######
#....##PP.##...#


You could see Nukefarmer's ghost.

Vanquished Creatures
  The ghost of lobo the Stinger, an amateur NaVM of Yredelemnul (D:4)
  Sigmund (D:2)
  A sky beast (D:7)
  2 orc warriors
  A big kobold (D:8)
  2 giant frogs
  A wyvern skeleton (D:6)
  2 scorpions (D:5)
  A howler monkey (D:8)
  4 crimson imps
  3 hounds
  3 orc priests
  2 giant frog skeletons
  6 orc wizards
  2 centaur skeletons
  Terence (D:2)
  An iguana (D:8)
  5 worker ants
  A killer bee zombie (D:8)
  10 adders
  3 worms
  3 dart slugs
  4 giant geckos
  27 orcs
  7 bats
  4 giant cockroaches
  4 goblins
  7 hobgoblins
  9 jackals
  3 quokkas
  3 giant newts
  A jackal skeleton (D:5)
  10 kobolds
  8 rats
  A fungus (D:8)
144 creatures vanquished.

Notes
Turn   | Place    | Note
--------------------------------------------------------------
     0 | D:1      | Nordron the Demonspawn Berserker began the quest for the Orb.
     0 | D:1      | Reached XP level 1. HP: 18/18 MP: 1/1
   305 | D:1      | Gained mutation: You are partially covered in thin metallic scales (AC +2). [demonic ancestry]
   305 | D:1      | Reached XP level 2. HP: 19/24 MP: 2/2
   814 | D:1      | Reached ** piety under Trog
   818 | D:1      | Reached XP level 3. HP: 29/29 MP: 3/3
  1054 | D:2      | Found a stormy altar of Qazlal.
  1172 | D:2      | Noticed Terence
  1190 | D:2      | Killed Terence
  1259 | D:2      | Gained mutation: You are mostly covered in thin metallic scales (AC +3). [demonic ancestry]
  1259 | D:2      | Reached XP level 4. HP: 31/37 MP: 4/4
  1282 | D:2      | Noticed Sigmund
  1303 | D:2      | Killed Sigmund
  1303 | D:2      | Reached XP level 5. HP: 43/43 MP: 5/5
  1624 | D:3      | Gained mutation: When hurt, damage is shared between your health and your magic reserves. [demonic ancestry]
  1624 | D:3      | Reached XP level 6. HP: 49/49 MP: 6/6
  1729 | D:3      | Reached *** piety under Trog
  2332 | D:4      | Noticed lobo's ghost (amateur NaVM)
  2367 | D:4      | Killed lobo's ghost
  2367 | D:4      | Reached skill level 5 in Fighting
  2367 | D:4      | Reached XP level 7. HP: 56/56 MP: 4/7
  2607 | D:4      | Found a radiant altar of Vehumet.
  2607 | D:4      | Found an iron altar of Okawaru.
  2607 | D:4      | Found a shadowy altar of Dithmenos.
  2607 | D:4      | Found a deep blue altar of Sif Muna.
  2627 | D:4      | Found a burning altar of Makhleb.
  2627 | D:4      | Found a shimmering altar of Xom.
  2820 | D:4      | Reached skill level 5 in Axes
  3090 | D:5      | Entered Level 5 of the Dungeon
  3431 | D:5      | Found an opulent altar of Gozag.
  3443 | D:5      | Found a staircase to the Ecumenical Temple.
  3642 | D:5      | Reached XP level 8. HP: 64/64 MP: 8/8
  3841 | Temple   | Entered the Ecumenical Temple
  4380 | D:6      | Found a sacrificial altar of Ru.
  4739 | D:7      | Gained mutation: Scrolls take you a little longer to read. [potion of mutation]
  4739 | D:7      | Gained mutation: Potions and wands are less effective at restoring your health. [potion of mutation]
  4782 | D:7      | Reached skill level 5 in Armour
  4782 | D:7      | Reached skill level 1 in Shields
  5201 | D:7      | Reached **** piety under Trog
  5681 | D:8      | HP: 2/65 [orc warrior/short sword (12)]
  5686 | D:8      | HP: 1/97 [orc warrior/short sword (8)]
  6147 | D:8      | Found a staircase to the Lair.
  6174 | D:8      | Reached XP level 9. HP: 55/71 MP: 9/9
  6197 | D:8      | Noticed Nukefarmer's ghost (novice MiBe)
  6252 | D:8      | HP: 3/71 [Nukefarmer's ghost (3)]
  6253 | D:8      | Slain by Nukefarmer's ghost

Skill      XL: |  1  2  3  4  5  6  7  8  9 |
---------------+----------------------------+-----
Dodging        | 2 3 4 |  4.1
Axes           | 3 4 5 6 |  6.3
Armour         | 2 3 4 5 6 |  6.0
Fighting       | 4 5 6 |  6.8
Shields        | 1 |  1.4
Stealth        | |  0.2

Action                   |  1- 3 |  4- 6 |  7- 9 || total
-------------------------+-------+-------+-------++-------
Melee: Hand axe          |   131 |   107 |       ||   238
       Battleaxe         |       |    12 |    69 ||    81
       War axe           |       |       |   356 ||   356
Invok: Berserk           |     3 |     3 |     6 ||    12
       Burn Spellbooks   |       |       |     2 ||     2
       Trog's Hand       |       |       |     2 ||     2
  Use: Scroll            |     1 |     1 |     3 ||     5
       Potion            |       |       |     8 ||     8
  Eat: Chunk             |     3 |     3 |     8 ||    14
       Bread ration      |       |     1 |     3 ||     4
Armor: Animal skin       |    14 |       |       ||    14
       Plate armour      |    70 |    74 |   385 ||   529
Dodge: Dodged            |    57 |    42 |   204 ||   303
Block: Other             |       |       |    41 ||    41
